 Dungeon Crawl Stone Soup version 0.19-a0-753-gae73b43 (webtiles) character file.

20 Karasique the Stinger (level 2, 0/22 HPs)
             Began as a Naga Venom Mage on June 25, 2016.
             Slain by a hobgoblin
             ... wielding a +0 club
              (2 damage)
             ... on level 1 of the Dungeon.
             The game lasted 00:02:27 (689 turns).

Karasique the Stinger (Naga Venom Mage)              Turns: 689, Time: 00:02:28

Health: 0/22       AC:  1    Str: 10    XL:     2   Next: 79%
Magic:  0/5        EV: 10    Int: 15    God:
Gold:   104        SH:  0    Dex: 11    Spells: 1 memorised, 4 levels left

rFire  . . .     SeeInvis +     d - +0 dagger
rCold  . . .     Gourm    .     a - +0 robe
rNeg   . . .     Faith    .     (no shield)
rPois  +         Spirit   .     (no helmet)
rElec  .         Dismiss  .     (no cloak)
rCorr  .         Reflect  .     (no gloves)
SustAt .         Harm     .     (no barding)
MR     .....                    (no amulet)
Stlth  +++.......               (no ring)
                                (no ring)

@: short of breath, very slightly contaminated, very slow, not resistant to
hostile enchantments, fairly stealthy
A: see invisible, deformed body, poison resistance, slowness 2, slow metabolism
1, spit poison 2, AC +0
a: Spit Poison


You were on level 1 of the Dungeon.
You were not hungry.

You visited 1 branch of the dungeon, and saw 1 of its levels.

You collected 104 gold pieces.

Inventory:

Hand Weapons
 d - a +0 dagger (weapon)
Armour
 a - a +0 robe (worn)
Scrolls
 f - a scroll of identify {unknown}
 g - a scroll of random uselessness {unknown}
 i - a scroll of amnesia {unknown}
Potions
 e - a potion of magic {unknown}
 h - 2 potions of mutation {unknown}
Books
 b - a Young Poisoner's Handbook

   Spells                             Type                      Level
   a - Sting                          Conjuration/Poison           1
   b - Cure Poison                    Poison                       2
   c - Mephitic Cloud                 Conjuration/Poison/Air       3
   d - Olgreb's Toxic Radiance        Poison                       4
   e - Venom Bolt                     Conjuration/Poison           5
Comestibles
 c - a bread ration
 j - a beef jerky
 k - a slice of pizza
 l - a chunk of flesh


   Skills:
 - Level 1.5 Dodging
 + Level 5.0 Stealth
 - Level 2.0 Spellcasting
 - Level 5.3 Poison Magic


You had 4 spell levels left.
You knew the following spells:

 Your Spells              Type           Power        Failure   Level  Hunger
a - Sting                 Conj/Pois      #...         10%         1    #......


Dungeon Overview and Level Annotations

Branches:
Dungeon (1/15)

Altars:


Innate Abilities, Weirdness & Mutations

You cannot wear boots.
Your serpentine skin is tough. (AC +0)
You have supernaturally acute eyesight. (SInv)
Armour fits poorly on your strangely shaped body.
Your system is resistant to poisons. (rPois)
You cover ground very slowly.
You have a slow metabolism.
You can spit poison.


Message History

Press: ? - help, Shift-Dir - straight line, f/p - hobgoblin
Aim: a hobgoblin, wielding a club The sting hits the kobold.
The kobold is severely wounded.
You have got your breath back.
The kobold hits you.
Press: ? - help, Shift-Dir - straight line, f/p - hobgoblin
Aim: a hobgoblin, wielding a club The splash of poison hits the kobold.
The kobold is poisoned.
You kill the kobold!
You feel slightly more hungry.
You closely miss the hobgoblin. The hobgoblin hits you with a club.
You are too injured to fight recklessly!
You hit the hobgoblin.
The hobgoblin is severely wounded.
The hobgoblin hits you with a club.
You closely miss the hobgoblin.
The hobgoblin is severely wounded.
The hobgoblin hits you with a club.
You die...

#.# #.##########.........
#.# #>...^...#.......####
#.# ########.#.#.#..#####
#.# #.............. #.#
##### ##.#.#.#..#####
#.####...# ###........# #
#........# ###..###.###
######...##############..#
#....
##........@g........###.#.♣
##################.......♣
#######.. #.. ♣♣. ♣♣


You could see a hobgoblin.

Vanquished Creatures
  A dart slug (D:1)
  A giant gecko (D:1)
  3 bats (D:1)
  A hobgoblin (D:1)
  4 jackals (D:1)
  3 giant newts (D:1)
  2 kobolds (D:1)
  3 rats (D:1)
18 creatures vanquished.

Notes
Turn   | Place    | Note
--------------------------------------------------------------
     0 | D:1      | Karasique the Naga Venom Mage began the quest for the Orb.
     0 | D:1      | Reached XP level 1. HP: 15/15 MP: 3/3
   349 | D:1      | Reached XP level 2. HP: 22/22 MP: 1/5
   650 | D:1      | Reached skill level 5 in Stealth
   689 | D:1      | Slain by a hobgoblin

Vault maps used:
D:1:      kilobyte_arrival_exit_the_forest, minmay_tetromino_o2

Skill      XL: |  1  2 |
---------------+-------+-----
Stealth        | 4 5 |  5.0
Dodging        | |  1.5
Spellcasting   | |  2.0
Poison Magic   | |  5.3

Action                   || total
-------------------------++-------
Melee: Unarmed           ||     2
       Dagger            ||     8
 Cast: Sting             ||    20
 Abil: Spit Poison       ||    10
Armor: Robe              ||     1
Dodge: Dodged            ||     9
